 Dungeon Crawl Stone Soup version 0.28.0-53-g5a82cb258f (webtiles) character file.

Game seed: 2225962361525500130

10641 H0rd4k the Slicer (level 11, -8/86 HPs)
             Began as a Human Artificer on Aug 8, 2022.
             Was an Initiate of Gozag.
             Mangled by a boulder beetle (20 damage)
             ... on level 10 of the Dungeon.
             The game lasted 00:16:27 (16575 turns).

H0rd4k the Slicer (Human Artificer)                Turns: 16575, Time: 00:16:28

Health: -8/86      AC: 15    Str: 22    XL:     11   Next: 96%
Magic:  21/21      EV: 14    Int: 16    God:    Gozag
Gold:   1886       SH:  0    Dex: 14    Spells: 24/24 levels left

rFire   . . .      SeeInvis +   P - +8 woodcutter's axe {vorpal}
rCold   + . .      Faith    .   (no shield)
rNeg    . . .      Spirit   .   C - +1 ring mail of Wushri Ysadgh {rC+ Str+4 SInv}
rPois   .          Reflect  .   G - +2 helmet
rElec   .          Harm     .   x - +1 cloak
rCorr   .          Rampage  .   (no gloves)
Will    .....                   (no boots)
Stlth   +.........              (no amulet)
HPRegen 0.24/turn               m - +6 ring of strength
MPRegen 0.17/turn               L - +4 ring of protection

@: no status effects
A: no striking features
a: Renounce Religion, Potion Petition, Call Merchant, Bribe Branch


You were on level 10 of the Dungeon.
You worshipped Gozag.
Gozag was most pleased with you.
You visited 2 branches of the dungeon, and saw 12 of its levels.

You collected 1961 gold pieces.
You paid 75 gold pieces to Gozag.

Inventory:

Hand Weapons
 a - a +0 club
 s - a +0 flail of holy wrath
 E - a +1 vorpal hunting sling
 H - a +2 shortbow of flaming
 I - a +2 short sword of venom
 M - a +1 vorpal scimitar
 P - the +8 woodcutter's axe (weapon) {vorpal}
   (You found it on level 3 of the Dungeon)

   It inflicts extra damage upon your enemies.
Missiles
 t - a throwing net
Armour
 o - a scarf of invisibility
 x - a +1 cloak (worn)
 C - the +1 ring mail of Wushri Ysadgh (worn) {rC+ Str+4 SInv}
   (You found it on level 6 of the Dungeon)

   Str:       It affects your strength (+4).
   rC:        It protects you from cold.
   SInv:      It lets you see invisible.
 G - a +2 helmet (worn)
Magical Staves
 r - a staff of poison
Jewellery
 l - a ring of protection from fire
 m - a +6 ring of strength (left hand)
 L - a +4 ring of protection (right hand)
Wands
 c - a wand of flame (39) (quivered)
 d - a wand of charming (4)
 q - a wand of iceblast (3)
 N - a wand of polymorph (3)
Scrolls
 f - 4 scrolls of brand weapon {unknown}
 g - a scroll of summoning {unknown}
 h - a scroll of fog {unknown}
 j - 3 scrolls of fear {unknown}
 p - 6 scrolls of teleportation {unknown}
 u - 5 scrolls of amnesia {unknown}
 y - 5 scrolls of identify {unknown}
 z - a scroll of blinking {unknown}
 B - a scroll of enchant armour {unknown}
 F - a scroll of holy word {unknown}
 K - a scroll of vulnerability {unknown}
 T - a scroll of enchant weapon {unknown}
Potions
 b - 3 potions of brilliance {unknown}
 i - a potion of lignification {unknown}
 k - 4 potions of degeneration {unknown}
 n - 6 potions of flight {unknown}
 v - 2 potions of attraction
 w - 2 potions of haste
 A - 2 potions of heal wounds {unknown}
 D - 2 potions of mutation {unknown}
 J - a potion of invisibility {unknown}
 O - a potion of curing {unknown}
 Q - a potion of magic {unknown}
 R - a potion of berserk rage {unknown}
 S - a potion of might {unknown}
Miscellaneous
 e - a piece from Xom's chessboard (15/15)


   Skills:
 + Level 7.8 Fighting
 + Level 8.4 Short Blades
 - Level 7.4 Maces & Flails
 - Level 2.2 Armour
 + Level 7.5 Dodging
 - Level 1.0 Stealth
 * Level 7.0 Spellcasting
 + Level 5.5 Evocations


You had 24 spell levels left.
You didn't know any spells.
Your spell library contained the following spells:

 Spells                   Type           Power      Damage    Failure   Level
 Animate Skeleton         Necr           10%        N/A       21%         1
 Pain                     Necr           20%        1d5       21%         1
 Ensorcelled Hibernation  Hex/Ice        10%        N/A       30%         2
 Passwall                 Tmut/Erth      4%         N/A       30%         2
 Ozocubu's Armour         Ice            5%         N/A       52%         3
 Swiftness                Air            5%         N/A       52%         3
 Vampiric Draining        Necr           5%         2d6       52%         3
 Metabolic Englaciation   Hex/Ice        2%         N/A       99%         5
 Simulacrum               Ice/Necr       2%         N/A       100%        6


Dungeon Overview and Level Annotations

Branches:
Dungeon (11/15)            Temple (1/1) D:6             Orc (0/2) D:11
   Lair: D:8-11

Altars:
Ashenzari
Dithmenos
Elyvilon
Fedhas
Gozag
Kikubaaqudgha
Makhleb
Okawaru
Qazlal
Ru
Sif Muna
Trog
Uskayaw
Vehumet
Wu Jian
Yredelemnul
Zin
The Shining One

Shops:
D:9 (

Annotations:
D:2 1 runed translucent door, exclusion: door, Crazy Yiuf
D:7 exclusion: downstairs
D:8 1 exclusion


Message History

The boulder beetle is heavily wounded.
The boulder beetle bites you!!
You completely miss the boulder beetle.
The boulder beetle is heavily wounded.
The boulder beetle barely misses you.
You hit the boulder beetle.
The boulder beetle is severely wounded.
The boulder beetle bites you!!
* * * LOW HITPOINT WARNING * * *
You slash the boulder beetle!
The boulder beetle is severely wounded.
The boulder beetle leaps!
Aiming: Iceblast
Press: ? - help, Shift-Dir - straight line, f - boulder beetle
Aim: a boulder beetle (severely wounded)
The mass of ice explodes!
The iceblast engulfs the boulder beetle.
The boulder beetle is severely wounded.
You hear a shout!
The boulder beetle curls into a ball and begins rolling!
Aiming: Iceblast
Press: ? - help, Shift-Dir - straight line, f/p - boulder beetle
Aim: a boulder beetle (severely wounded, rolling)
The mass of ice explodes!
The iceblast engulfs the boulder beetle but does no damage.
The boulder beetle is severely wounded.
Unknown command.
You completely miss the boulder beetle.
The boulder beetle is severely wounded.
The boulder beetle barely misses you.
The boulder beetle stops rolling and uncurls.
You slash the boulder beetle!
The boulder beetle is almost dead.
The boulder beetle bites you!
* * * LOW HITPOINT WARNING * * *
You hit the boulder beetle.
The boulder beetle is almost dead.
The boulder beetle bites you!!
You die...
Your body crumbles into a pile of gold.

.### ### ##############
.......###.............
....................##
#.##.###.##..##.##.##
........)..#.#.##.## #
#...○...)###..##.#.
...##.#..###....#...>.#..
.........)$......#####.#.
########@######...###....
........B.# #...........
..........# ##...###....
..........# ##.## #.##.
#######...# #.## #.##. $
..g.# #...##.##. ##.#.#
##...#.##. .....
##.#)#...#.
...#..####..........


You could see a boulder beetle and a gnoll.

Vanquished Creatures
  2 two-headed ogres
  Nergalle (D:10)
  Pikel (D:9)
  A cyclops (D:11)
  3 centaur zombies
  Maurice (D:9)
  2 komodo dragons (D:11)
  A hornet (D:10)
  A shadow (D:9)
  6 yaks
  Menkaure (D:7)
  A water moccasin (D:8)
  5 orc warriors
  2 ice beasts
  2 sky beasts
  2 black bears
  A hornet zombie (D:8)
  7 ogres
  A necrophage (D:6)
  2 centaurs
  3 kobold brigands
  4 lemures (D:9)
  3 gnoll sergeants (D:8)
  3 scorpions
  5 bullfrogs
  A wyvern skeleton (D:5)
  5 wights (D:7)
  7 howler monkeys (D:8)
  2 bullfrog zombies
  10 hounds
  2 gnoll shamans (D:8)
  A centaur skeleton (D:7)
  4 jellies
  11 orc priests
  2 bullfrog skeletons
  5 iguanas
  20 orc wizards
  2 killer bee zombies
  7 gnolls
  5 adders
  2 howler monkey skeletons (D:7)
  2 ufetubi
  53 orcs
  9 ball pythons
  6 bats
  6 endoplasms
  3 giant cockroaches
  7 goblins
  6 hobgoblins
  6 jackals
  4 quokkas
  2 frilled lizards
  20 kobolds
  5 rats
276 creatures vanquished.

Vanquished Creatures (collateral kills)
  A yak (D:7)
  A hound (D:5)
  2 gnolls
  3 orcs (D:3)
  2 endoplasms (D:3)
  A kobold (D:3)
  A quokka (D:3)
  A ball python (D:3)
12 creatures vanquished.

Vanquished Creatures (others)
  A yak (D:7)
  An orc warrior (D:10)
  A gnoll sergeant (D:10)
  An orc priest (D:3)
  An orc wizard (D:8)
  An adder (D:3)
  13 fungi (D:11)
  13 plants
32 creatures vanquished.

Grand Total: 320 creatures vanquished

Notes
Turn   | Place    | Note
-------+----------+-------------------------------------------
     0 | D:1      | H0rd4k the Human Artificer began the quest for the Orb.
     0 | D:1      | Reached XP level 1. HP: 15/15 MP: 1/1
   291 | D:1      | Reached XP level 2. HP: 21/21 MP: 2/2
   707 | D:1      | Reached skill level 1 in Maces & Flails
   707 | D:1      | Reached XP level 3. HP: 21/26 MP: 3/3
  1274 | D:2      | Found a faded altar of an unknown god.
  2103 | D:2      | Reached XP level 4. HP: 31/32 MP: 4/4
  2612 | D:2      | Found a runed translucent door.
  2613 | D:2      | Noticed Crazy Yiuf
  3005 | D:3      | Reached XP level 5. HP: 34/38 MP: 5/5
  3195 | D:3      | Found the +8 woodcutter's axe {vorpal}
  3227 | D:3      | Found a blossoming altar of Fedhas.
  4104 | D:4      | Reached XP level 6. HP: 35/44 MP: 6/6
  4357 | D:5      | Entered Level 5 of the Dungeon
  4455 | D:5      | Noticed an ogre
  4565 | D:5      | Killed an ogre
  4566 | D:5      | Reached XP level 7. HP: 51/51 MP: 7/7
  4854 | D:5      | Reached skill level 1 in Spellcasting
  5171 | D:5      | Reached skill level 5 in Maces & Flails
  5379 | D:6      | Reached XP level 8. HP: 54/58 MP: 10/10
  5498 | D:6      | Identified the +1 ring mail of Wushri Ysadgh {rC+ Str+4
                  | SInv}
  5848 | D:6      | Found a staircase to the Ecumenical Temple.
  5908 | Temple   | Entered the Ecumenical Temple
  6167 | Temple   | Became a worshipper of Gozag Ym Sagoz the Greedy
  6472 | D:7      | Noticed a yak
  6472 | D:7      | Noticed a yak
  6484 | D:7      | Killed a yak
  6493 | D:7      | Noticed a yak
  6510 | D:7      | Killed a yak
  6511 | D:7      | Reached XP level 9. HP: 65/65 MP: 13/13
  6633 | D:7      | Reached skill level 5 in Evocations
  6640 | D:7      | Noticed Menkaure
  6647 | D:7      | Killed Menkaure
  7803 | D:7      | Reached skill level 5 in Fighting
  7852 | D:7      | Reached skill level 1 in Short Blades
  8473 | D:8      | Reached skill level 2 in Short Blades
  8699 | D:8      | Reached skill level 5 in Dodging
  8809 | D:8      | Reached XP level 10. HP: 74/74 MP: 16/16
  8813 | D:8      | Reached skill level 3 in Short Blades
  9084 | D:8      | Reached skill level 4 in Short Blades
  9877 | D:8      | Noticed a kobold demonologist
 10150 | D:8      | Reached skill level 5 in Short Blades
 10175 | D:8      | Reached skill level 5 in Spellcasting
 11173 | D:8      | Reached skill level 6 in Short Blades
 11774 | D:8      | Noticed a two-headed ogre
 11787 | D:8      | Killed a two-headed ogre
 11788 | D:8      | Reached XP level 11. HP: 20/83 MP: 19/19
 12880 | D:9      | You fall into a shaft and drop 2 floors!
 12933 | D:11     | Reached skill level 7 in Short Blades
 13653 | D:11     | Found a staircase to the Orcish Mines.
 14411 | D:11     | Noticed a cyclops
 14435 | D:11     | Killed a cyclops
 14531 | D:10     | Entered Level 10 of the Dungeon
 15023 | D:9      | Noticed Maurice
 15052 | D:9      | Killed Maurice
 15261 | D:9      | Reached skill level 8 in Short Blades
 15379 | D:9      | Noticed Pikel
 15387 | D:9      | Killed Pikel
 15530 | D:9      | Found Sysyosm's Weapon Emporium.
 15776 | D:10     | Noticed Nergalle
 15789 | D:10     | Killed Nergalle
 16078 | D:10     | Noticed a two-headed ogre
 16087 | D:10     | Killed a two-headed ogre
 16094 | D:10     | Noticed a boulder beetle
 16575 | D:10     | Mangled by a boulder beetle

Illustrated notes

Levels and vault maps discovered:
D:1:      shiori_shiawase, layout_basic
D:2:      layout_basic, nicolae_ecumenical_pavilion, grunt_ministairs_14,
          uniq_crazy_yiuf_cottage
D:3:      layout_rooms, mainiacjoe_overflow_paths
D:4:      layout_rooms
D:5:      layout_loops_ring
D:6:      layout_rooms, temple_green
D:7:      layout_basic, minmay_misc_feat_five, uniq_menkaure
D:8:      lemuel_castle_with_subvaults [lemuel_castle_interior_carwin_1],
          layout_basic, fountainhead
D:9:      layout_loops_ring, serial_shops, nicolae_diamond_shop,
          corexii_leaking_fountain, uniq_maurice, uniq_pikel
D:10:     layout_loops_ring, nzn_sisyphean_effort, uniq_nergalle
D:11:     layout_stronghold, grunt_lair_entry_orc_guard_hut, hiddenorc2_lemuel
Temple:   mainiacjoe_temple_trianglar_array

Skill      XL: |  1  2  3  4  5  6  7  8  9 10 11 |
---------------+----------------------------------+-----
Maces & Flails | 1 2 3 4 5 6 7 |  7.4
Dodging        | 2 3 4 5 6 7 |  7.5
Fighting       | 2 3 4 5 6 7 |  7.8
Evocations     | 4 5 |  5.5
Spellcasting   | 1 3 4 5 7 |  7.0
Short Blades   | 2 6 8 |  8.4
Armour         | |  2.2
Stealth        | |  1.0

Action                   |  1- 3 |  4- 6 |  7- 9 | 10-12 || total
-------------------------+-------+-------+-------+-------++-------
Melee: Club              |   154 |    79 |       |       ||   233
       Punch             |       |     1 |     6 |     9 ||    16
       Flail             |       |    74 |   186 |       ||   260
       Short sword       |       |       |   103 |   578 ||   681
       War axe           |       |       |       |   114 ||   114
Evoke: Wand              |       |    22 |    15 |    17 ||    54
       Piece from Xom's  |       |       |     3 |       ||     3
 Stab: Sleeping          |       |     1 |       |       ||     1
       Paralysed         |       |       |     7 |     2 ||     9
       Distracted        |       |       |       |     3 ||     3
Armor: Leather armour    |    67 |    33 |    18 |       ||   118
       Ring mail         |       |       |   100 |   218 ||   318
Dodge: Dodged            |    89 |   119 |   210 |   360 ||   778
